Map: Forgotten Sanctuary

Players

Maelthor

  • Race: Terran Terran
  • Spawn Location: 12:00

Erfeyah

  • Race: Protoss Protoss
  • Spawn Location: 12:00

Iluvatar

  • Race: Terran Terran
  • Spawn Location: 9:00

athabstract

  • Race: Protoss Protoss
  • Spawn Location: 9:00

StormLight - Winner!

  • Race: Protoss Protoss
  • Spawn Location: 3:00

Darthmoo - Winner!

  • Race: Protoss Protoss
  • Spawn Location: 6:00

SirDansalot - Winner!

  • Race: Protoss Protoss
  • Spawn Location: 3:00

ZerglingPudu - Winner!

  • Race: Zerg Zerg
  • Spawn Location: 6:00

VOD

Have the link to the VOD?

Description

Time

  • Played on: Nov. 16, 2017, 2:11 p.m.
  • Length: 6:38
Show
View Real Time Build Order
Export as new Build Order

Maelthor Terran 

Build Orders:  

Get SALT Encoding   

  12  0:01  SCV  
  13  0:13  SCV  
  14  0:19  Supply Depot  
  14  0:22  Refinery  
  14  0:25  SCV  
  15  0:40  SCV  
  15  0:41  Refinery  
  16  0:43  Barracks  
  16  0:52  SCV  
  17  0:59  Barracks  
  17  1:06  SCV  
  17  1:07  Supply Depot  
  18  1:18  SCV  
  20  1:33  Marine  
  20  1:38  Orbital Command  
  20  1:46  Marine  
  21  1:53  Factory  
  21  2:02  Barracks Tech Lab  
  21  2:06  SCV  
  22  2:10  Barracks Reactor  
  22  2:18  SCV  
  22  2:22  Marine  
  23  2:24  Stimpack  
  24  2:30  SCV  
  25  2:38  Supply Depot  
  25  2:46  Starport, Factory Reactor  
  25  2:47  SCV  
  26  2:56  Marine  
  26  2:57  Marine x2  
  29  3:00  SCV  
  29  3:04  Barracks  
  30  3:08  Barracks  
  30  3:12  SCV  
  31  3:21  Supply Depot  
  31  3:24  SCV  
  31  3:26  Marine x3  
  35  3:31  Medivac x2  
  35  3:33  Factory Tech Lab  
  39  3:44  SCV, Supply Depot  
  40  3:49  Marine x2  
  40  3:50  Marauder  
  44  3:56  SCV  
  45  4:12  Command Center  
  45  4:13  SCV  
  46  4:17  Barracks Reactor  
  46  4:18  Barracks Reactor  
  46  4:20  Siege Tank  
  49  4:26  SCV  
  50  4:36  Marine x2  
  50  4:37  Marauder  
  50  4:38  SCV  
  55  4:42  Medivac  
  54  4:54  Marine, Engineering Bay  
  55  5:02  Supply Depot  
  55  5:20  Marine  
  55  5:23  Medivac, Marauder  
  55  5:27  Missile Turret, Orbital Command  
  56  5:28  Marine x2  
  51  5:42  Missile Turret  
  48  5:44  Marauder  
  48  5:46  Marine x3  
  52  5:57  Marine  
  52  5:58  Marine  
  50  6:06  Marauder  
  50  6:08  Marine  
  49  6:12  Missile Turret  
  49  6:13  SCV  
  45  6:22  SCV  
  45  6:25  SCV  
Show
View Real Time Build Order
Export as new Build Order

Erfeyah Protoss 

Build Orders:  

Get SALT Encoding   

  12  0:07  Probe  
  13  0:19  Probe  
  14  0:31  Probe  
  15  0:37  Pylon  
  15  0:55  Probe  
  16  1:29  Gateway  
  16  1:32  Gateway  
  16  1:35  Gateway  
  16  1:39  Probe  
  17  1:51  Probe  
  18  1:56  Assimilator  
  18  1:59  Assimilator  
  18  2:20  Zealot  
  20  2:47  Zealot  
  22  2:59  Probe  
  23  3:18  Pylon  
  23  3:36  Probe, Zealot x2  
  23  3:37  Zealot  
  30  3:49  Probe  
  31  4:59  Cybernetics Core  
  31  5:19  Probe  
  21  5:31  Probe  
  11  5:51  Sentry x2  
  11  5:52  Stalker  
Show
View Real Time Build Order
Export as new Build Order

Iluvatar Terran 

Build Orders:  

Get SALT Encoding   

  12  0:43  SCV  
  13  0:55  SCV  
  14  1:07  SCV  
  15  1:17  Refinery  
  15  1:29  Supply Depot  
  15  1:51  SCV  
  16  2:15  SCV  
Show
View Real Time Build Order
Export as new Build Order

athabstract Protoss 

Build Orders:  

Get SALT Encoding   

  12  0:02  Probe  
  13  0:14  Probe  
  14  0:26  Pylon  
  14  0:29  Probe  
  15  0:39  Assimilator  
  15  0:53  Gateway  
  15  1:05  Probe  
  16  1:17  Probe  
  17  1:29  Probe  
  18  1:40  Pylon  
  18  1:42  Zealot  
  20  1:57  Cybernetics Core  
  20  1:59  Gateway  
  20  2:00  Gateway  
  20  2:08  Probe, Assimilator  
  21  2:18  Zealot  
  23  2:32  Probe  
  21  3:07  Probe  
  21  3:12  Zealot x3  
  26  3:36  Nexus  
  26  3:39  Pylon  
  26  3:40  Zealot  
  28  3:50  Pylon  
  28  3:54  Pylon  
  28  4:02  Cybernetics Core  
  27  4:07  Gateway  
  27  4:10  Gateway  
Show
View Real Time Build Order
Export as new Build Order

StormLight Protoss - Winner!

Build Orders: Dark Templar Rush 

Get SALT Encoding   

  12  0:07  Probe (Chrono Boost)  
  13  0:19  Probe (Chrono Boost)  
  14  0:22  Probe  
  14  0:24  Pylon  
  15  0:31  Assimilator  
  15  0:43  Gateway  
  15  0:44  Probe  
  16  0:56  Probe  
  17  1:04  Assimilator  
  17  1:08  Probe  
  18  1:21  Probe  
  18  1:22  Pylon  
  19  1:34  Cybernetics Core  
  19  1:35  Probe  
  20  1:47  Probe (Chrono Boost)  
  21  1:59  Probe (Chrono Boost)  
  22  2:05  Probe (Chrono Boost)  
  23  2:11  Twilight Council  
  23  2:12  Stalker, Warp Gate (Chrono Boost)  
  25  2:25  Pylon  
  25  2:42  Stalker  
  27  2:50  Dark Shrine  
  27  3:05  Robotics Facility  
  27  3:36  Nexus  
  27  3:47  Gateway  
  27  3:51  Gateway  
  27  3:53  Gateway  
  27  3:56  Warp Prism (Chrono Boost)  
  29  4:06  Probe  
  29  4:09  Pylon  
  30  4:23  Observer  
  31  4:32  Dark Templar  
  33  4:49  Probe x2  
  35  4:57  Forge  
  35  5:01  Probe  
  35  5:02  Probe  
  35  5:06  Dark Templar  
  35  5:07  Dark Templar x2  
  41  5:14  Probe x2  
  45  5:33  Probe x2  
  45  5:38  Assimilator  
  45  5:41  Stalker, Assimilator, Dark Templar  
  49  5:52  Stalker  
  49  5:53  Stalker  
  53  6:03  Probe x2  
  49  6:15  Probe x2  
  49  6:27  Probe (Chrono Boost)  
  49  6:28  Probe (Chrono Boost)  
  49  6:32  Forge  
  51  6:36  Pylon  
Show
View Real Time Build Order
Export as new Build Order

Darthmoo Protoss - Winner!

Build Orders:  

Get SALT Encoding   

  12  0:13  Probe  
  13  0:25  Probe  
  14  0:38  Probe  
  14  0:41  Pylon  
  15  0:59  Probe, Forge  
  17  1:11  Probe  
  17  1:13  Pylon  
  17  1:37  Photon Cannon  
  17  1:57  Pylon  
  17  2:12  Probe  
  18  2:24  Probe  
  19  2:31  Pylon  
  19  2:36  Probe  
  20  2:49  Probe  
  20  2:51  Photon Cannon  
  21  2:52  Photon Cannon  
  21  2:54  Photon Cannon  
  21  2:55  Photon Cannon  
  21  2:57  Photon Cannon  
  21  3:01  Probe  
  21  3:03  Pylon  
  22  3:09  Pylon  
  22  3:15  Probe  
  23  3:27  Probe  
  23  3:30  Photon Cannon  
  23  3:32  Photon Cannon  
  24  3:36  Pylon  
  24  3:39  Probe  
  25  3:51  Probe  
  26  3:56  Photon Cannon x2  
  26  3:59  Photon Cannon  
  26  4:03  Probe  
  26  4:06  Pylon  
  27  4:24  Pylon  
  27  4:28  Pylon  
  27  4:33  Pylon  
  27  4:40  Pylon  
  27  5:06  Photon Cannon  
  27  5:10  Photon Cannon  
  27  5:12  Photon Cannon, Pylon  
  27  5:31  Pylon  
  27  5:44  Pylon  
  27  5:51  Photon Cannon  
  27  5:53  Photon Cannon  
  27  5:54  Photon Cannon  
  27  5:56  Photon Cannon  
  27  6:12  Photon Cannon  
  27  6:13  Photon Cannon  
  27  6:15  Photon Cannon  
  27  6:16  Photon Cannon  
  27  6:33  Pylon  
Show
View Real Time Build Order
Export as new Build Order

SirDansalot Protoss - Winner!

Build Orders:  

Get SALT Encoding   

  12  0:02  Probe  
  13  0:15  Pylon  
  13  0:27  Probe  
  14  0:35  Forge  
  14  0:39  Probe  
  15  0:47  Pylon  
  15  0:59  Probe  
  16  1:06  Assimilator  
  16  1:11  Probe  
  17  1:19  Photon Cannon  
  17  1:23  Probe  
  18  2:00  Pylon  
  18  2:07  Probe  
  19  2:15  Assimilator  
  19  2:20  Photon Cannon, Probe  
  19  2:22  Photon Cannon  
  20  2:24  Photon Cannon  
  20  2:32  Probe  
  21  2:44  Probe  
  22  2:56  Probe  
  23  3:01  Pylon  
  23  3:08  Probe, Nexus  
  24  3:16  Pylon  
  24  3:20  Probe  
  25  3:32  Probe  
  26  3:40  Photon Cannon  
  26  3:44  Photon Cannon, Probe  
  27  3:50  Pylon  
  27  3:56  Probe  
  28  4:07  Pylon  
  28  4:08  Probe  
  29  4:21  Probe  
  19  4:33  Probe  
  15  4:45  Probe  
  16  4:54  Photon Cannon  
  16  4:55  Photon Cannon  
  16  4:58  Photon Cannon  
  16  5:08  Photon Cannon  
  16  5:11  Probe  
  17  5:14  Probe  
  18  5:56  Pylon  
  18  6:02  Photon Cannon  
  18  6:11  Gateway  
  18  6:13  Gateway  
  18  6:16  Gateway  
Show
View Real Time Build Order
Export as new Build Order

ZerglingPudu Zerg - Winner!

Build Orders: Hatch First 

Get SALT Encoding   

  12  0:03  Drone  
  13  0:10  Drone  
  14  0:36  Hatchery  
  14  0:39  Drone  
  14  0:47  Overlord  
  14  1:06  Drone x3  
  17  1:16  Spawning Pool  
  16  1:30  Drone x2  
  16  1:31  Extractor  
  17  1:52  Drone  
  18  2:00  Drone x2  
  20  2:03  Queen  
  20  2:04  Queen  
  24  2:14  Drone  
  24  2:15  Drone  
  26  2:19  Extractor  
  25  2:25  Roach Warren  
  25  2:26  Overlord  
  25  2:30  Drone  
  25  2:47  Overlord  
  25  2:48  Drone  
  30  3:05  Roach x2  
  30  3:06  Roach  
  30  3:09  Roach x2  
  38  3:12  Roach  
  38  3:13  Roach x2  
  42  3:21  Roach  
  42  3:22  Overlord  
  44  3:51  Lair  
  44  3:54  Drone x6  
  50  4:11  Drone x2  
  50  4:12  Overlord x3  
  52  4:35  Roach x4  
  52  4:37  Roach x3  
  66  4:54  Spore Crawler, Roach  
  66  4:55  Roach  
  69  5:00  Spore Crawler  
  69  5:01  Extractor  
  69  5:02  Extractor  
  66  5:24  Drone x6  
  72  5:34  Drone x2  
  72  5:35  Drone x2  
  76  5:50  Hatchery  
  75  6:25  Drone  
  76  6:26  Hydralisk Den  
Tags
 
Add a new tag
Caveats
  • Supply blocks, unpowered buildings, or Contaminate may cause inaccurate times.
  • Supply counts are checked every 10 seconds.